 Dungeon Crawl Stone Soup version 0.28-a0-862-g58c29a6370 (webtiles) character file.

Game seed: 15405553320633196437

847 AvatarAndi78 the Chopper (level 7, -13/61 HPs)
             Began as a Minotaur Berserker on Nov 16, 2021.
             Was a Priest of Trog.
             Mangled by an ogre (26 damage)
             ... on level 5 of the Dungeon.
             The game lasted 00:08:07 (4042 turns).

AvatarAndi78 the Chopper (Minotaur Berserker)       Turns: 4042, Time: 00:08:08

Health: -13/61     AC: 13    Str: 22    XL:     7   Next: 68%
Magic:  6/6        EV:  7    Int:  4    God:    Trog [***...]
Gold:   100        SH:  0    Dex: 11    Spells: 6/6 levels left

rFire   + . .      SeeInvis .   a - +4 short sword (vamp)
rCold   . . .      Faith    .   (no shield)
rNeg    + . .      Spirit   .   k - +0 plate armour
rPois   .          Reflect  .   r - +0 hat
rElec   .          Harm     .   c - +0 cloak
rCorr   .          Rampage  .   (no gloves)
Will    .....                   (no boots)
Stlth   ..........              (no amulet)
HPRegen 0.20/turn               f - ring of protection from fire
MPRegen 0.10/turn               o - ring of positive energy

@: about to teleport
A: horns 2, retaliatory headbutt
a: Renounce Religion, Berserk, Trog's Hand


You were on level 5 of the Dungeon.
You worshipped Trog.
Trog was most pleased with you.
You visited 1 branch of the dungeon, and saw 5 of its levels.

You collected 100 gold pieces.

Inventory:

Hand Weapons
 a - a +4 vampiric short sword (weapon)
 i - a +2 mace of protection
 t - a +2 hand axe of flaming
Armour
 c - a +0 cloak (worn)
 k - a +0 plate armour (worn)
 r - a +0 hat (worn)
Jewellery
 f - a ring of protection from fire (left hand)
 o - a ring of positive energy (right hand)
Wands
 m - a wand of flame (11)
Scrolls
 b - 2 scrolls of enchant weapon {unknown}
 g - 2 scrolls of teleportation
 h - 2 scrolls of immolation
 j - a scroll of amnesia
 l - a scroll of noise {unknown}
 n - a scroll of silence {unknown}
 p - a scroll of blinking {unknown}
 q - 4 scrolls of fog {unknown}
Potions
 d - a potion of berserk rage {unknown}
 e - 2 potions of curing
 s - a potion of degeneration {unknown}


   Skills:
 + Level 5.6 Fighting
 + Level 3.9 Short Blades
 + Level 6.7(6.9) Axes
 + Level 2.4(4.9) Maces & Flails
 + Level 5.0 Armour
 + Level 3.0 Dodging
 + Level 1.0 Stealth


You had 6 spell levels left.
You didn't know any spells.
Your spell library was empty.

Dungeon Overview and Level Annotations

Branches:
Dungeon (5/15)
 Temple: D:4-7

Altars:
Fedhas


Innate Abilities, Weirdness & Mutations

You have a pair of horns on your head.
You reflexively headbutt those who attack you in melee.


Message History

You barely miss the ogre.
You hear some strange, mumbled words.
A puff of flame appears from out of thin air!
The puff of flame hits you but does no damage.
The iguana closely misses you. Something hits you but does no damage.
The ogre hits you but does no damage.
The ogre hits you with a +0 giant spiked club!
You hit the iguana but do no damage. Something hits you.
An ogre comes into view. It is wielding a +0 giant club.
The iguana bites you but does no damage.
You hear some strange, mumbled words.
Something tries to affect you, but you resist.
Unknown command.
You hit the ogre but do no damage.
You headbutt the ogre, but do no damage.
The ogre closely misses you. The ogre barely misses you. Something hits you.
The iguana bites you but does no damage.
Something hits you.
You hit the ogre.
The ogre is lightly wounded.
Something hits you but does no damage. The iguana bites you.
The ogre hits you but does no damage. The ogre barely misses you.
Something hits you but does no damage.
You bump into the rock wall.
You hear some strange, mumbled words.
A puff of flame appears from out of thin air!
The puff of flame hits you but does no damage.
You resist.
The iguana bites you but does no damage.
Something hits you but does no damage. The ogre closely misses you.
The ogre hits you with a +0 giant club!
* * * LOW HITPOINT WARNING * * *
Something hits you but does no damage.
You feel less confused. Something hits you but does no damage.
Okay, then.
As you read the scroll of teleportation, it crumbles to dust.
You feel strangely unstable.
The ogre hits you with a +0 giant spiked club!!
You die...

#.###.# ......#>#
#.....# #.##..#.#
####.### #.##..#.#
.....# #.##..#.# ###..#
#.##..#.# # #..#
##O##..#.# # #..#
#.On.....#
###..####.####.{##..###
.............)lO@...#
###.....>....)..##.##
#..####..........# #.##
#######.#### #.# #.#
#.# #.# #.. ..# ..# ###


You could see 3 ogres and an iguana.

Vanquished Creatures
  Duvessa (D:4)
  A sky beast (D:5)
  An ice beast (D:5)
  Blork the orc (D:5)
  Dowan (D:4)
  A water moccasin skeleton (D:4)
  2 orc priests (D:5)
  An orc wizard (D:4)
  3 hound skeletons
  13 adders
  An adder skeleton (D:4)
  2 worms (D:2)
  5 dart slugs
  13 orcs
  11 endoplasms
  4 giant cockroaches
  5 goblins
  5 hobgoblins
  4 jackals (D:3)
  9 kobolds
  3 quokkas
  4 ball pythons
  7 bats
  7 frilled lizards
  5 rats
110 creatures vanquished.

Vanquished Creatures (others)
  An orc wizard (D:5)
1 creature vanquished.

Grand Total: 111 creatures vanquished

Notes
Turn   | Place    | Note
-------+----------+-------------------------------------------
     0 | D:1      | AvatarAndi78 the Minotaur Berserker began the quest for the
                  | Orb.
     0 | D:1      | Reached XP level 1. HP: 19/19 MP: 0/0
   316 | D:1      | Reached XP level 2. HP: 25/27 MP: 1/1
   362 | D:1      | Reached skill level 4 in Axes
   825 | D:1      | Reached ** piety under Trog
   912 | D:1      | Reached XP level 3. HP: 31/33 MP: 2/2
  1677 | D:2      | Reached XP level 4. HP: 41/41 MP: 3/3
  1681 | D:2      | Reached skill level 5 in Axes
  2616 | D:3      | Reached XP level 5. HP: 45/47 MP: 4/4
  3049 | D:4      | Noticed Dowan
  3050 | D:4      | Noticed Duvessa
  3056 | D:4      | Reached skill level 6 in Axes
  3056 | D:4      | Reached *** piety under Trog
  3068 | D:4      | Killed Duvessa
  3069 | D:4      | Reached skill level 1 in Maces & Flails
  3069 | D:4      | Reached XP level 6. HP: 50/55 MP: 5/5
  3074 | D:4      | Killed Dowan
  3075 | D:4      | Reached skill level 5 in Fighting
  3159 | D:4      | Reached skill level 1 in Short Blades
  3504 | D:4      | Found a blossoming altar of Fedhas.
  3663 | D:5      | Entered Level 5 of the Dungeon
  3822 | D:5      | Noticed a sky beast
  3831 | D:5      | Killed a sky beast
  3832 | D:5      | Reached skill level 1 in Stealth
  3832 | D:5      | Reached XP level 7. HP: 52/61 MP: 6/6
  3860 | D:5      | Noticed Blork the orc
  3868 | D:5      | Killed Blork the orc
  3869 | D:5      | Reached skill level 5 in Armour
  4042 | D:5      | Mangled by an ogre

Illustrated notes

Levels and vault maps discovered:
D:1:      nzn_arrival_depleted_hourglass, layout_basic
D:2:      layout_loops_cross, minmay_randomly_rotated_circles
D:3:      layout_loops_cross, amcnicky_mini_corridor_feature
D:4:      layout_basic, mainiacjoe_overflow_small_starburst, minmay_ruptured,
          uniq_duvessa
D:5:      layout_loops_ring, lemuel_crystal_altar, zin_statuary,
          minmay_temple_entry_purple_smoke, minmay_misc_feat_square,
          uniq_menkaure, uniq_blork_the_orc, uniq_crazy_yiuf_cottage

Skill      XL: |  1  2  3  4  5  6  7 |
---------------+----------------------+-----
Fighting       | 4 5 |  5.6
Axes           | 4 5 6 |  6.7
Armour         | 3 4 5 |  5.0
Maces & Flails | 1 2 |  2.4
Dodging        | 3 |  3.0
Short Blades   | 2 3 |  3.9
Stealth        | 1 |  1.0

Action                   |  1- 3 |  4- 6 |  7- 9 || total
-------------------------+-------+-------+-------++-------
Melee: Hand axe          |    95 |    37 |       ||   132
       Headbutt          |    16 |    27 |    10 ||    53
       Mace              |       |    30 |       ||    30
       Short sword       |       |    77 |    53 ||   130
Invok: Trog's Hand       |     1 |     2 |     1 ||     4
       Berserk           |     1 |       |     1 ||     2
  Use: Scroll            |       |     3 |     1 ||     4
       Potion            |       |     3 |       ||     3
Armor: Animal skin       |     5 |       |       ||     5
       Leather armour    |    16 |     2 |       ||    18
       Plate armour      |       |    92 |    69 ||   161
Dodge: Dodged            |    57 |    53 |    20 ||   130

Table legend: (Time is in decaauts)
 A = Elapsed time spent in this place.
 B = Non-inter-level travel time spent in this place.
 C = Inter-level travel time spent in this place.
 D = Time resting spent in this place.
 E = Time spent auto-exploring this place.
 F = Levels seen in this place.
 G = Mean time per level.
                   A        B        C        D        E       F      G
               +--------+--------+--------+--------+--------+-----+--------+
         Total |   4074 |   3969 |    105 |      0 |   3230 |   5 |  814.8 |
       Dungeon |   4074 |   3969 |    105 |      0 |   3230 |   5 |  814.8 |
               +--------+--------+--------+--------+--------+-----+--------+

Top non-repeatable levels by time:
     D:1: 1204 daAuts
     D:2: 1024 daAuts
     D:3: 763 daAuts
     D:4: 697 daAuts
     D:5: 385 daAuts
